 Dungeon Crawl Stone Soup version 0.21-a0-538-gd16b88a (webtiles) character file.

541 slep the Chopper (level 7, -3/52 HPs)
             Began as a Demonspawn Gladiator on Dec 17, 2017.
             Was an Initiate of Okawaru.
             Killed by divine providence
             ... invoked by an orc priest
              (12 damage)
             ... on level 4 of the Dungeon.
             The game lasted 00:13:55 (3385 turns).

slep the Chopper (Demonspawn Gladiator)             Turns: 3385, Time: 00:13:56

Health: -3/52      AC:  3    Str: 16    XL:     7   Next: 5%
Magic:  7/7        EV: 16    Int:  9    God:    Okawaru [......]
Gold:   93         SH:  3    Dex: 15    Spells: 6/6 levels left

rFire    . . .     SeeInvis .   a - +0 war axe
rCold    . . .     Gourm    .   (no shield)
rNeg     . . .     Faith    .   b - +0 leather armour
rPois    .         Spirit   .   (helmet restricted)
rElec    .         Reflect  +   (no cloak)
rCorr    .         Harm     .   (no gloves)
MR       .....                  (no boots)
Stlth    +.........             e - +3 amulet of reflection
HPRegen  0.17/turn              k - ring of wizardry
MPRegen  0.10/turn              (no ring)

@: no status effects
A: antennae 1, repulsion field 1, powered by pain 1, spiny 1
a: Renounce Religion


You were on level 4 of the Dungeon.
You worshipped Okawaru.
Okawaru was noncommittal.
You were hungry.

You visited 1 branch of the dungeon, and saw 4 of its levels.
You also visited: Sewer.

You collected 93 gold pieces.

Inventory:

Hand Weapons
 a - a +0 war axe (weapon)
 u - a +2 falchion of freezing
 y - a cursed +0 trident
Missiles
 d - 3 throwing nets
 r - 4 poisoned tomahawks (quivered)
Armour
 b - a +0 leather armour (worn)
 c - a +0 helmet
Jewellery
 e - a +3 amulet of reflection (around neck)
 k - a ring of wizardry (left hand)
 x - an uncursed ring of wizardry
Scrolls
 g - a scroll of fog {unknown}
 h - 9 scrolls of teleportation {unknown}
 i - a scroll of noise {unknown}
 l - 3 scrolls of remove curse {unknown}
 m - a scroll of magic mapping {unknown}
 n - 3 scrolls of blinking {unknown}
 q - 4 scrolls of identify {unknown}
 s - a scroll of immolation {unknown}
 z - 2 scrolls of fear {unknown}
 B - a scroll of enchant armour {unknown}
Potions
 j - 3 potions of curing
 t - 2 potions of haste
 w - a potion of heal wounds {unknown}
 A - 7 potions of might {unknown}
 D - a potion of magic {unknown}
Comestibles
 f - 2 bread rations
 o - 2 meat rations
 p - 4 fruits
 v - a royal jelly
 C - 3 chunks of flesh


   Skills:
 + Level 3.4 Fighting
 + Level 5.3 Axes
 + Level 2.1 Throwing
 + Level 2.1 Armour
 + Level 4.0 Dodging
 + Level 0.9 Stealth


You had 6 spell levels left.
You didn't know any spells.

Dungeon Overview and Level Annotations

Branches:
Dungeon (4/15)
 Temple: D:4-7

Altars:
Dithmenos
Elyvilon
Fedhas
Okawaru
Qazlal
Vehumet
Xom
The Shining One


Innate Abilities, Weirdness & Mutations

You have a pair of small antennae on your head.
You are surrounded by a mild repulsion field. (EV +2)
You sometimes gain a little power by taking damage.
You are partially covered in sharp spines.


Message History

The orc priest looks satisfied for a moment.
The orc priest hits you with a club!
You hit the orc priest but do no damage.
The orc priest is moderately wounded.
You are feeling hungry.
The orc priest calls down the wrath of Beogh upon you.
Beogh smites you!
* * * LOW HITPOINT WARNING * * *
You barely miss the orc priest.
The orc priest is moderately wounded.
The orc priest is struck by your spines.
The orc priest misses you.
You hit the orc priest.
The orc priest is severely wounded.
The orc priest closely misses you.
You hit the orc priest.
The orc priest is almost dead.
The orc priest invokes the aid of Beogh against you.
Beogh smites you!
You die...

####### #.....#
#####.###.# ......# #.#
#####.###.# ###.....###
#.........############
#.#..........)@)....>.
##.#.######.###o##.####
#....# #.# #.# #..###
#.# #.# #..# #.# #.#
#..# #.# #.# ##..#####
..# #.# ........# ..#
#.# .#..###.#


You could see an orc priest.

Vanquished Creatures
  2 bullfrogs (Sewer)
  A howler monkey (D:4)
  3 orc priests (D:4)
  2 orc wizards
  9 adders
  2 river rats
  An ooze (Sewer)
  3 worms
  A dart slug (D:1)
  A leopard gecko (D:2)
  4 orcs
  14 ball pythons (Sewer)
  7 bats
  5 giant cockroaches (D:3)
  14 goblins
  10 hobgoblins
  4 jackals (D:2)
  4 kobolds
  4 frilled lizards
  A leopard gecko skeleton (D:4)
  40 rats
132 creatures vanquished.

Vanquished Creatures (others)
  A bat (D:2)
1 creature vanquished.

Grand Total: 133 creatures vanquished

Notes
Turn   | Place    | Note
-------+----------+-------------------------------------------
     0 | D:1      | slep the Demonspawn Gladiator began the quest for the Orb.
     0 | D:1      | Reached XP level 1. HP: 16/16 MP: 1/1
    91 | D:1      | Gained mutation: You are surrounded by a mild repulsion field. (EV +2) [demonic ancestry]
    91 | D:1      | Reached XP level 2. HP: 18/22 MP: 2/2
   291 | D:1      | Reached skill level 3 in Axes
   760 | D:2      | Gained mutation: You have a pair of small antennae on your head. [demonic ancestry]
   760 | D:2      | Reached XP level 3. HP: 27/27 MP: 3/3
   785 | D:2      | Found a radiant altar of Vehumet.
   870 | D:2      | Found a stormy altar of Qazlal.
   872 | D:2      | Found a glowing golden altar of the Shining One.
   883 | D:2      | Found an iron altar of Okawaru.
   889 | D:2      | Became a worshipper of Warmaster Okawaru
  1032 | D:2      | HP: 2/42 [poisoned by an adder]
  1271 | D:2      | Found a shimmering altar of Xom.
  1272 | D:2      | Found a white marble altar of Elyvilon.
  1274 | D:2      | Found a blossoming altar of Fedhas.
  1469 | D:3      | Reached XP level 4. HP: 22/34 MP: 4/4
  1592 | D:3      | Reached skill level 1 in Armour
  1629 | D:3      | Found a shadowy altar of Dithmenos.
  1818 | D:3      | Gained mutation: You sometimes gain a little power by taking damage. [demonic ancestry]
  1818 | D:3      | Reached XP level 5. HP: 23/39 MP: 5/5
  1839 | D:3      | Found a glowing drain.
  1860 | Sewer    | Entered a sewer
  2012 | Sewer    | Reached skill level 4 in Axes
  2416 | Sewer    | HP: 3/60 [adder (1)]
  2420 | Sewer    | Reached XP level 6. HP: 8/47 MP: 6/6
  2789 | D:3      | Found a faded altar of an unknown god.
  3115 | D:3      | Reached skill level 5 in Axes
  3376 | D:4      | Gained mutation: You are partially covered in sharp spines. [demonic ancestry]
  3376 | D:4      | Reached XP level 7. HP: 29/52 MP: 7/7
  3385 | D:4      | Killed from afar by an orc priest

Vault maps used:
D:1:      elethiomel_arrival_infinity_welcomes_careful_drivers
D:2:      fiery_altar_vehumet, okawaru_ov_weapons_minmay,
          nicolae_overflow_hidden_temple
D:3:      first_bread, portal_sewer_entry_e, chequers_ecumenical_altar_grove,
          grunt_ministairs_5, nicolae_dithmenos_through_a_glass_darkly
Sewer:    sewer_minmay_w

Skill      XL: |  1  2  3  4  5  6 |
---------------+-------------------+-----
Throwing       | 2 |  2.1
Dodging        | 3 4 |  4.0
Axes           | 3 4 5 |  5.3
Armour         | 1 2 |  2.1
Fighting       | 3 |  3.4
Stealth        | |  0.9

Action                   |  1- 3 |  4- 6 |  7- 9 || total
-------------------------+-------+-------+-------++-------
Melee: War axe           |   101 |   188 |     8 ||   297
Throw: Tomahawk          |       |     3 |       ||     3
       Throwing net      |       |     1 |       ||     1
  Use: Potion            |     4 |     3 |       ||     7
 Stab: Sleeping          |     1 |     1 |       ||     2
  Eat: Chunk             |     2 |     6 |       ||     8
Armor: Leather armour    |    26 |    40 |       ||    66
       Skin              |     7 |    27 |       ||    34
Dodge: Dodged            |    75 |   176 |     4 ||   255
Block: Other             |    17 |    33 |       ||    50

Table legend:
 A = Spawn XP
 B = Non-spawn XP
 C = Spawn XP percentage of total XP
 D = Spawn monster count
 E = Non-spawn monster count
 F = Spawn count percentage of total count
 G = Total turns spent on level
                    A         B        C        D         E        F      G
               +---------+---------+-------+---------+---------+-------+---------
         Total |       0 |     774 |   0.0 |       0 |     132 |   0.0 |  3385
               +---------+---------+-------+---------+---------+-------+---------
           D:1 |       0 |      36 |   0.0 |       0 |      22 |   0.0 |   717
           D:2 |       0 |      54 |   0.0 |       0 |      14 |   0.0 |   736
           D:3 |       0 |     160 |   0.0 |       0 |      37 |   0.0 |   930
           D:4 |       0 |     235 |   0.0 |       0 |      11 |   0.0 |   134
         Sewer |       0 |     289 |   0.0 |       0 |      48 |   0.0 |   868
               +---------+---------+-------+---------+---------+-------+---------
